Map: Torres Crepusculares

Players

TheZergLord - Winner!

  • Race: Zerg Zerg
  • League: Master

CrkdPinkies

  • Race: Protoss Protoss
  • League: Master

VOD

Have the link to the VOD?

Description

Time

  • Played on: April 26, 2016, 12:53 p.m.
  • Length: 12:27
Show
View Real Time Build Order
Export as new Build Order

TheZergLord Zerg - Winner!

Build Orders: Hatch First 

Get SALT Encoding   

  12  0:01  Drone  
  13  0:13  Overlord  
  13  0:17  Drone  
  14  0:32  Drone x2  
  14  0:35  Drone  
  17  0:53  Hatchery  
  17  0:57  Drone  
  17  1:00  Drone  
  18  1:11  Extractor  
  17  1:13  Spawning Pool  
  17  1:17  Drone  
  17  1:21  Drone  
  18  1:32  Drone  
  19  1:41  Overlord  
  19  1:51  Drone  
  20  2:00  Queen  
  20  2:01  Zergling x2  
  23  2:05  Queen  
  23  2:06  Drone  
  26  2:12  Drone, Metabolic Boost  
  27  2:18  Drone  
  28  2:23  Drone  
  28  2:29  Drone  
  30  2:41  Drone x2  
  32  2:47  Hatchery  
  32  2:49  Pneumatized Carapace  
  31  2:59  Queen  
  31  3:01  Overlord  
  31  3:05  Zergling x2  
  34  3:08  Zergling x2  
  34  3:09  Zergling x2  
  36  3:21  Drone x2  
  36  3:22  Drone x4  
  36  3:26  Overlord  
  42  3:32  Overlord  
  42  3:47  Overlord  
  42  3:48  Drone  
  42  3:49  Drone x2  
  42  3:50  Drone x3  
  42  3:54  Drone x2  
  42  3:55  Drone  
  51  3:59  Drone x2  
  53  4:03  Drone  
  53  4:06  Queen  
  56  4:13  Drone  
  56  4:15  Baneling Nest  
  56  4:23  Drone x6  
  56  4:24  Drone x2  
  64  4:44  Zergling x14  
  64  4:45  Zergling x2  
  72  4:52  Overlord  
  72  4:56  Overlord, Extractor  
  71  5:02  Baneling x7  
  71  5:03  Baneling x4  
  71  5:05  Baneling  
  71  5:11  Hatchery  
  71  5:12  Zergling x8  
  74  5:16  Zergling x14  
  74  5:17  Zergling x2  
  82  5:22  Overlord  
  82  5:23  Overlord x2  
  82  5:26  Spore Crawler  
  82  5:27  Spore Crawler x2  
  79  5:29  Drone  
  79  5:30  Drone  
  81  5:42  Zergling x16  
  89  5:43  Zergling x4  
  91  5:54  Drone  
  91  5:55  Drone x4  
  91  5:56  Lair  
  95  6:17  Drone  
  95  6:18  Drone x6  
  89  6:43  Drone x5  
  89  6:44  Extractor, Drone x4  
  89  6:46  Extractor  
  95  6:47  Extractor  
  95  6:50  Extractor  
  95  6:52  Evolution Chamber  
  92  6:55  Centrifical Hooks  
  92  6:57  Drone x5  
  92  6:58  Overlord, Drone, Hydralisk Den  
  92  6:59  Overlord  
  97  7:05  Hatchery  
  95  7:22  Zerg Missile Weapons Level 1  
  95  7:34  Hydralisk, Muscular Augments  
  95  7:35  Hydralisk x6  
  105  7:37  Zergling x12  
  110  7:51  Hydralisk x2  
  110  7:54  Overlord x4  
  110  7:55  Overlord x4  
  114  8:13  Hydralisk x7  
  114  8:14  Hydralisk x2  
  114  8:18  Queen, Hydralisk  
  136  8:41  Drone x4  
  138  8:42  Hydralisk x2, Drone  
  138  8:43  Hydralisk x8  
  161  8:49  Baneling  
  161  8:52  Extractor  
  161  8:53  Extractor, Drone  
  161  8:54  Drone x3  
  161  8:55  Drone x2  
  165  8:57  Drone  
  165  8:58  Drone  
  165  9:01  Baneling x7  
  165  9:02  Baneling x4  
  167  9:05  Drone  
  168  9:10  Spine Crawler, Drone x2  
  168  9:11  Spine Crawler  
  168  9:14  Hatchery  
  166  9:23  Baneling  
  166  9:24  Baneling x10  
  166  9:26  Hydralisk  
  166  9:27  Zergling x10  
  166  9:28  Zergling x14  
  180  9:33  Zerg Missile Weapons Level 2  
  180  9:56  Hydralisk  
  180  9:57  Hydralisk x2  
  183  10:05  Overlord x2  
  183  10:06  Overlord  
  183  10:11  Spire  
  159  10:20  Hydralisk  
  159  10:21  Hydralisk x13  
  146  10:23  Zergling x12  
  159  10:40  Queen  
  157  10:43  Hydralisk x9  
  157  10:45  Zergling x12  
  181  10:50  Hydralisk x3  
  187  11:08  Baneling  
  187  11:09  Baneling x11, Hydralisk x2  
  187  11:10  Hydralisk  
  193  11:12  Zergling x14  
  196  11:29  Zergling x4  
  196  11:30  Zergling x4  
  200  11:35  Baneling x14  
  198  11:56  Baneling  
  198  11:57  Baneling x7  
Show
View Real Time Build Order
Export as new Build Order

CrkdPinkies Protoss 

Build Orders: 1 Gate Expand, Zealot Archon 

Get SALT Encoding   

  12  0:01  Probe (Chrono Boost)  
  13  0:11  Probe (Chrono Boost)  
  14  0:18  Pylon  
  14  0:22  Probe (Chrono Boost)  
  15  0:36  Probe (Chrono Boost)  
  15  0:37  Gateway  
  16  0:46  Probe (Chrono Boost)  
  17  0:53  Assimilator  
  18  0:57  Probe (Chrono Boost)  
  18  1:07  Probe (Chrono Boost)  
  19  1:21  Nexus  
  19  1:24  Probe (Chrono Boost)  
  20  1:33  Cybernetics Core  
  20  1:36  Probe (Chrono Boost)  
  21  1:44  Assimilator  
  22  1:47  Probe (Chrono Boost)  
  22  1:53  Pylon  
  22  1:57  Probe (Chrono Boost)  
  23  2:11  Probe (Chrono Boost), Adept (Chrono Boost)  
  23  2:12  Warp Gate  
  26  2:22  Probe  
  27  2:32  Mothership Core  
  27  2:34  Probe  
  27  2:35  Stalker (Chrono Boost)  
  32  2:46  Probe  
  32  2:52  Probe  
  33  2:59  Probe  
  33  3:02  Probe, Robotics Facility  
  35  3:11  Probe (Chrono Boost)  
  36  3:14  Probe (Chrono Boost)  
  36  3:16  Pylon  
  37  3:23  Probe (Chrono Boost)  
  37  3:25  Probe (Chrono Boost)  
  37  3:26  Twilight Council  
  39  3:33  Probe (Chrono Boost)  
  40  3:37  Probe (Chrono Boost), Gateway x2  
  41  3:44  Probe (Chrono Boost)  
  41  3:48  Probe (Chrono Boost)  
  43  3:53  Observer  
  43  3:54  Probe (Chrono Boost), Resonating Glaives (Chrono Boost)  
  45  3:57  Probe (Chrono Boost)  
  48  4:05  Probe  
  48  4:07  Probe  
  50  4:16  Warp Prism (Chrono Boost)  
  51  4:17  Probe  
  51  4:20  Pylon  
  51  4:34  Sentry  
  51  4:37  Pylon  
  53  4:39  Pylon  
  53  4:40  Probe x2  
  53  4:43  Assimilator x2  
  55  4:52  Probe x2  
  61  4:53  Immortal (Chrono Boost)  
  61  4:58  Adept x3  
  67  5:04  Probe  
  68  5:13  Pylon  
  68  5:20  Sentry x2  
  72  5:22  Pylon  
  72  5:29  Forge  
  72  5:34  Immortal (Chrono Boost)  
  76  5:40  Nexus  
  76  5:42  Pylon  
  76  5:45  Pylon  
  76  5:46  Zealot x3  
  76  5:49  Probe x2  
  84  5:58  Gateway  
  84  5:59  Gateway  
  84  6:15  Zealot  
  84  6:16  Zealot x2  
  90  6:21  Protoss Ground Weapons Level 1 (Chrono Boost), Immortal  
  82  6:49  Nexus  
  82  6:50  Sentry x3  
  82  6:51  Pylon  
  82  6:53  Gateway  
  88  6:57  Templar Archives  
  88  7:00  Blink  
  88  7:01  Immortal  
  92  7:12  Probe x2  
  94  7:19  Gateway  
  94  7:24  Zealot x4, Pylon  
  94  7:25  Zealot  
  94  7:26  Pylon  
  94  7:45  Probe  
  94  7:48  High Templar, Pylon  
  94  7:49  High Templar  
  99  7:51  High Templar x2  
  99  7:52  Zealot  
  99  7:54  Probe  
  99  7:56  Archon x2  
  99  7:57  Probe  
  107  7:59  Immortal  
  107  8:05  Assimilator  
  111  8:06  Probe  
  111  8:09  Probe, Photon Cannon  
  113  8:15  Protoss Ground Weapons Level 2 (Chrono Boost)  
  113  8:18  Photon Cannon  
  113  8:19  Probe  
  114  8:20  Probe, Pylon  
  114  8:21  Probe  
  114  8:22  Photon Cannon  
  114  8:25  Pylon  
  116  8:31  Probe x2  
  116  8:34  Probe  
  109  8:43  Probe, Assimilator  
  109  8:44  High Templar x2  
  109  8:45  Stalker  
  116  8:48  Warp Prism  
  116  8:50  Probe, Archon  
  116  8:51  Probe  
  116  8:55  Probe  
  121  8:57  Pylon  
  121  9:03  Stalker x2  
  121  9:04  Stalker x2  
  121  9:09  Pylon  
  129  9:21  Zealot  
  129  9:22  Zealot  
  129  9:23  Stalker  
  135  9:36  Archon x2  
  135  9:37  Archon  
  135  9:48  Psionic Storm, Stalker x2  
  135  9:49  Stalker x5  
  149  10:00  Nexus  
  149  10:04  Robotics Facility  
  109  10:22  Stalker x4  
  109  10:23  Stalker x3  
  123  10:28  Pylon  
  105  10:47  Gateway x2  
  105  10:49  Gateway  
  105  10:54  High Templar  
  105  10:55  High Templar x2  
  111  11:00  Immortal x2  
  119  11:08  Probe x2  
  121  11:16  Stalker x2  
  121  11:17  Stalker x2  
  119  11:37  Photon Cannon  
  119  11:38  Photon Cannon, High Templar  
  119  11:39  Photon Cannon  
  121  11:40  Stalker x2  
  125  11:47  Zealot x3  
  125  11:53  Sentry x2  
  131  11:57  Zealot x2  
  128  12:10  Zealot x5  
  109  12:23  Zealot x5  
Tags
 
Add a new tag
Caveats
  • Supply blocks, unpowered buildings, or Contaminate may cause inaccurate times.
  • Supply counts are checked every 10 seconds.